 Dungeon Crawl Stone Soup version 0.21-a0-538-gd16b88a (webtiles) character file.

30 tidbits the Grave Robber (level 3, -3/25 HPs)
             Began as a Gnoll Necromancer on Dec 15, 2017.
             Slain by an ice beast (13 damage)
             ... on level 2 of the Dungeon.
             The game lasted 00:03:57 (625 turns).

tidbits the Grave Robber (Gnoll Necromancer)         Turns: 625, Time: 00:03:57

Health: -3/25      AC:  2    Str: 10    XL:     3   Next: 18%
Magic:  1/9        EV: 14    Int: 18    God:
Gold:   88         SH:  0    Dex: 15    Spells: 10/12 levels left

rFire    . . .     SeeInvis .   a - +0 dagger
rCold    . . .     Gourm    .   (no shield)
rNeg     . . .     Faith    .   f - +0 robe
rPois    .         Spirit   .   (no helmet)
rElec    .         Reflect  .   (no cloak)
rCorr    .         Harm     .   (no gloves)
MR       .....                  (no boots)
Stlth    +++.......             g - amulet of regeneration
HPRegen  0.48/turn              (no ring)
MPRegen  0.11/turn              (no ring)

@: no status effects
A: distributed training, fangs 1, strong nose
a: no special abilities


You were on level 2 of the Dungeon.
You were not hungry.

You visited 1 branch of the dungeon, and saw 2 of its levels.

You collected 88 gold pieces.

Inventory:

Hand Weapons
 a - a +0 dagger (weapon)
 k - a +0 club
 o - a +0 short sword
Missiles
 d - 57 stones (quivered)
Armour
 f - a +0 robe (worn)
Jewellery
 g - an amulet of regeneration (around neck)
   (You found it on level 1 of the Dungeon)
Scrolls
 e - a scroll of remove curse
 l - a scroll of enchant weapon {unknown}
 m - a scroll of teleportation {unknown}
 p - a scroll of amnesia {unknown}
Potions
 h - a potion of flight {unknown}
 i - a potion of degeneration {unknown}
 j - a potion of brilliance
 n - a potion of lignification {unknown}
 q - a potion of agility {unknown}
Books
 b - a book of Necromancy

   Spells                             Type                      Level
   a - Pain                           Necromancy                   1
   b - Animate Skeleton               Necromancy                   1
   c - Vampiric Draining              Necromancy                   3
   d - Regeneration                   Charms/Necromancy            3
   e - Animate Dead                   Necromancy                   4
   f - Control Undead                 Necromancy                   4
Comestibles
 c - a bread ration


   Skills:
 + Level 0.6 Fighting
 + Level 0.6 Short Blades
 + Level 0.6 Long Blades
 + Level 0.6 Axes
 + Level 0.6 Maces & Flails
 + Level 0.6 Polearms
 + Level 0.6 Staves
 + Level 0.6 Slings
 + Level 0.6 Bows
 + Level 0.6 Crossbows
 + Level 0.6 Throwing
 + Level 0.6 Armour
 + Level 4.5 Dodging
 + Level 4.1 Stealth
 + Level 0.6 Shields
 + Level 0.6 Unarmed Combat
 + Level 5.0 Spellcasting
 + Level 0.4 Conjurations
 + Level 0.4 Hexes
 + Level 0.4 Charms
 + Level 0.4 Summonings
 + Level 7.1 Necromancy
 + Level 0.4 Translocations
 + Level 0.4 Transmutations
 + Level 0.4 Fire Magic
 + Level 0.4 Ice Magic
 + Level 0.4 Air Magic
 + Level 0.4 Earth Magic
 + Level 0.4 Poison Magic
 + Level 0.8 Invocations
 + Level 0.6 Evocations


You had 10 spell levels left.
You knew the following spells:

 Your Spells              Type           Power        Failure   Level  Hunger
a - Pain                  Necr           ####         1%          1    None
n - Animate Skeleton      Necr           N/A          1%          1    None


Dungeon Overview and Level Annotations

Branches:
Dungeon (2/15)

Altars:


Innate Abilities, Weirdness & Mutations

Your experience applies equally to all skills.
You have very sharp teeth.
Your uncanny sense of smell can sniff out nearby items.


Message History

The helpless frilled lizard fails to defend itself.
You puncture the frilled lizard!
You kill the frilled lizard!
The kobold shouts!
You closely miss the kobold. The kobold hits you with a dagger.
Casting: Pain
Confirm with . or Enter, or press ? or * to list all spells.
Aiming: Pain
Press: ? - help, Shift-Dir - straight line, f - kobold
Aim: a kobold, wielding a dagger (chance to defeat MR: 93%)
The kobold writhes in agony!
You kill the kobold!
You see here a dagger.
HP restored.
Magic restored.
You open the door.
A frilled lizard, an ice beast, a hobgoblin and a kobold come into view.
Found 2 amethyst potions and 11 gold pieces.
Casting: Pain
Confirm with . or Enter, or press ? or * to list all spells.
Aiming: Pain
Press: ? - help, Shift-Dir - straight line, f - hobgoblin
Aim: a hobgoblin (resting, chance to defeat MR: 93%)
The hobgoblin shouts!
The hobgoblin writhes in agony!
You kill the hobgoblin!
Your Spellcasting skill increases to level 5!
The frilled lizard hisses angrily.
You hear a shout! x2
Casting: Pain
Confirm with . or Enter, or press ? or * to list all spells.
Aiming: Pain
Press: ? - help, Shift-Dir - straight line, f - kobold
Aim: a kobold, wielding a whip (chance to defeat MR: 93%)
The kobold writhes in agony!
You kill the kobold!
A hobgoblin and a kobold come into view.
Casting: Pain
Confirm with . or Enter, or press ? or * to list all spells.
Aiming: Pain
Press: ? - help, Shift-Dir - straight line, f - kobold
Aim: a kobold, wielding a club (chance to defeat MR: 93%)
The kobold writhes in agony!
You kill the kobold!
You see here a dagger.
There is a stone staircase leading up here.
Casting: Pain
Confirm with . or Enter, or press ? or * to list all spells.
Aiming: Pain
Press: ? - help, Shift-Dir - straight line, f - ice beast
Aim: an ice beast (chance to defeat MR: 84%)
The ice beast writhes in agony!
Casting: Pain
Confirm with . or Enter, or press ? or * to list all spells.
Aiming: Pain
Press: ? - help, Shift-Dir - straight line, f/p - ice beast
Aim: an ice beast (lightly wounded, chance to defeat MR: 84%)
The ice beast barely resists.
Casting: Pain
Confirm with . or Enter, or press ? or * to list all spells.
Aiming: Pain
Press: ? - help, Shift-Dir - straight line, f/p - ice beast
Aim: an ice beast (lightly wounded, chance to defeat MR: 84%)
The ice beast writhes in agony!
The ice beast closely misses you.
Casting: Pain
Confirm with . or Enter, or press ? or * to list all spells.
Aiming: Pain
Press: ? - help, Shift-Dir - straight line, f/p - ice beast
Aim: an ice beast (lightly wounded, chance to defeat MR: 84%)
The ice beast writhes in agony!
The ice beast hits you. The ice beast freezes you.
Casting: Pain
Confirm with . or Enter, or press ? or * to list all spells.
Aiming: Pain
Press: ? - help, Shift-Dir - straight line, f/p - ice beast
Aim: an ice beast (heavily wounded, chance to defeat MR: 84%)
The ice beast writhes in agony!
The ice beast barely misses you.
Casting: Pain
Confirm with . or Enter, or press ? or * to list all spells.
Aiming: Pain
Press: ? - help, Shift-Dir - straight line, f/p - ice beast
Aim: an ice beast (heavily wounded, chance to defeat MR: 84%)
The ice beast writhes in agony!
The ice beast closely misses you.
Casting: Pain
Confirm with . or Enter, or press ? or * to list all spells.
Aiming: Pain
Press: ? - help, Shift-Dir - straight line, f/p - ice beast
Aim: an ice beast (severely wounded, chance to defeat MR: 84%)
The ice beast writhes in agony!
The ice beast closely misses you.
Casting: Pain
Confirm with . or Enter, or press ? or * to list all spells.
Aiming: Pain
Press: ? - help, Shift-Dir - straight line, f/p - ice beast
Aim: an ice beast (severely wounded, chance to defeat MR: 84%)
The ice beast writhes in agony!
The ice beast barely misses you.
Okay, then.
The ice beast hits you.
* * * LOW HITPOINT WARNING * * *
The ice beast freezes you!
Ouch! That really hurt!
You die...

#.#########
#.# #.# #.#
#.# #g# #l#
#Y# #@# ###


You could see an ice beast, a hobgoblin and a frilled lizard.

Vanquished Creatures
  A worm (D:2)
  A dart slug (D:2)
  2 bats
  3 goblins (D:1)
  5 hobgoblins
  A ball python (D:1)
  3 frilled lizards
  6 kobolds
22 creatures vanquished.

Notes
Turn   | Place    | Note
-------+----------+-------------------------------------------
     0 | D:1      | tidbits the Gnoll Necromancer began the quest for the Orb.
     0 | D:1      | Reached XP level 1. HP: 13/13 MP: 6/6
     2 | D:1      | Learned a level 1 spell: Animate Skeleton
   228 | D:2      | Reached XP level 2. HP: 14/19 MP: 4/7
   546 | D:1      | Reached XP level 3. HP: 25/25 MP: 6/9
   597 | D:2      | Noticed an ice beast
   598 | D:2      | Reached skill level 5 in Spellcasting
   625 | D:2      | Slain by an ice beast

Vault maps used:
D:1:      eino_arrival_cavern_a, minmay_tromino_i4

Skill      XL: |  1  2  3 |
---------------+----------+-----
Spellcasting   | 5 |  5.0
Fighting       | |  0.6
Short Blades   | |  0.6
Long Blades    | |  0.6
Axes           | |  0.6
Maces & Flails | |  0.6
Polearms       | |  0.6
Staves         | |  0.6
Slings         | |  0.6
Bows           | |  0.6
Crossbows      | |  0.6
Throwing       | |  0.6
Armour         | |  0.6
Dodging        | |  4.5
Stealth        | |  4.1
Shields        | |  0.6
Unarmed Combat | |  0.6
Conjurations   | |  0.4
Hexes          | |  0.4
Charms         | |  0.4
Summonings     | |  0.4
Necromancy     | |  7.1
Translocations | |  0.4
Transmutations | |  0.4
Fire Magic     | |  0.4
Ice Magic      | |  0.4
Air Magic      | |  0.4
Earth Magic    | |  0.4
Poison Magic   | |  0.4
Invocations    | |  0.8
Evocations     | |  0.6

Action                   || total
-------------------------++-------
Melee: Club              ||     2
       Dagger            ||     2
 Cast: Pain              ||    38
  Use: Scroll            ||     2
 Stab: Sleeping          ||     1
Dodge: Dodged            ||     9

Table legend:
 A = Spawn XP
 B = Non-spawn XP
 C = Spawn XP percentage of total XP
 D = Spawn monster count
 E = Non-spawn monster count
 F = Spawn count percentage of total count
 G = Total turns spent on level
                    A         B        C        D         E        F      G
               +---------+---------+-------+---------+---------+-------+---------
         Total |       0 |      43 |   0.0 |       0 |      22 |   0.0 |   625
               +---------+---------+-------+---------+---------+-------+---------
           D:1 |       0 |      18 |   0.0 |       0 |      11 |   0.0 |   464
           D:2 |       0 |      25 |   0.0 |       0 |      11 |   0.0 |   161
               +---------+---------+-------+---------+---------+-------+---------

Table legend:
 A = Turns spent in this place as a percentage of turns spent in the entire game.
 B = Non-inter-level travel turns spent in this place as a percentage of non-inter-level travel turns spent in the entire game.
 C = Inter-level travel turns spent in this place as a percentage of turns spent in this place.
 D = Turns resting spent in this place as a percentage of non-inter-level travel turns spent in this place.
 E = Turns spent auto-exploring this place as a percentage of non-inter-level travel turns spent in this place.
 F = Non-inter-level travel turns spent in this place divided by the number of levels of this place that you've seen.
                   A       B       C       D       E      F
               +-------+-------+-------+-------+-------+----------------------
         Total | 100.0 | 100.0 |  13.6 |   0.0 |   0.0 | 270.0
       Dungeon | 100.0 | 100.0 |  13.6 |   0.0 |   0.0 | 270.0
               +-------+-------+-------+-------+-------+----------------------

Table legend:
 A = Kills in this place as a percentage of kills in entire the game.
 B = Kills by you in this place as a percentage of kills by you in the entire game.
 C = Kills by friends in this place as a percentage of kills by friends in the entire game.
 D = Other kills in this place as a percentage of other kills in the entire game.
 E = Experience gained in this place as a percentage of experience gained in the entire game.
 F = Experience gained in this place divided by the number of levels of this place that you have seen.
                   A       B       C       D       E      F
               +-------+-------+-------+-------+-------+----------------------
         Total | 100.0 | 100.0 |   N/A |   N/A | 100.0 |  21.5
       Dungeon | 100.0 | 100.0 |   N/A |   N/A | 100.0 |  21.5
               +-------+-------+-------+-------+-------+----------------------

Vault maps used:
D:1:      eino_arrival_cavern_a, minmay_tromino_i4
